 Dungeon Crawl Stone Soup version 0.24-a0-441-g27f0392 (webtiles) character file.

Game seed: 14168620567708004215

487 MatthieuS the Digger (level 7, -17/50 HPs)
             Began as a Human Wanderer on June 19, 2019.
             Was an Initiate of Sif Muna.
             Killed from afar by Dowan (23 damage)
             ... with a shard of ice
             ... on level 4 of the Dungeon on June 20, 2019.
             The game lasted 00:13:40 (5256 turns).

MatthieuS the Digger (Human Wanderer)               Turns: 5256, Time: 00:13:40

Health: -17/50     AC:  3    Str: 11      XL:     7   Next: 36%
Magic:  0/13       EV: 11    Int: 12 (14) God:    Sif Muna [......]
Gold:   170        SH:  2    Dex: 12 (14) Spells: 4/14 levels left

rFire    . . .     SeeInvis .   a - +0 quarterstaff
rCold    . . .     Gourm    .   (shield currently unavailable)
rNeg     . . .     Faith    .   s - +1 robe
rPois    .         Spirit   .   (no helmet)
rElec    .         Reflect  +   (no cloak)
rCorr    .         Harm     .   (no gloves)
MR       .....                  (no boots)
Stlth    ++........             t - +2 amulet of reflection
HPRegen  0.16/turn              (no ring)
MPRegen  0.13/turn              p - ring of stealth

@: no status effects
A: no striking features
a: Renounce Religion


You were on level 4 of the Dungeon.
You worshipped Sif Muna.
Sif Muna was noncommittal.
You were near starving.

You visited 1 branch of the dungeon, and saw 4 of its levels.

You collected 170 gold pieces.

Inventory:

Hand Weapons
 a - a +0 quarterstaff (weapon)
   (You found it on level 3 of the Dungeon)
Armour
 c - a +0 leather armour
   (You found it on level 1 of the Dungeon)
 s - a +1 robe (worn)
Jewellery
 p - a ring of stealth (right hand)
   (You found it on level 2 of the Dungeon)
 t - a +2 amulet of reflection (around neck)
   (You found it on level 3 of the Dungeon)
Wands
 v - a wand of digging (5)
   (You found it on level 3 of the Dungeon)
Scrolls
 d - a scroll of enchant weapon {unknown}
 g - a scroll of remove curse {@r2}
 h - 2 scrolls of immolation {unknown}
 i - 6 scrolls of identify {unknown}
 k - 2 scrolls of enchant armour
 l - a scroll of fear {unknown}
 m - a scroll of teleportation {unknown}
 o - 3 scrolls of blinking {unknown}
Comestibles
 e - 6 rations


   Skills:
 + Level 2.2 Fighting
 * Level 4.2 Spellcasting
 + Level 2.9 Conjurations
   Level 2.0 Hexes
   Level 1.0 Summonings
 + Level 1.5 Fire Magic
 + Level 5.1 Earth Magic
 - Level 2.0 Evocations


You had 4 spell levels left.
You knew the following spells:

 Your Spells              Type           Power        Failure   Level  Hunger
a - Sandblast             Erth           ##....       2%          1    None
b - Stone Arrow           Conj/Erth      ##....       12%         3    ###....
c - Blink                 Tloc           N/A          32%         2    ##.....
d - Magic Dart            Conj           #...         6%          1    None
e - Conjure Flame         Conj/Fire      #.......     26%         3    ###....

Your spell library contained the following spells:

 Spells                   Type           Power        Failure   Level  Hunger
 Slow                     Hex            #.......     14%         2    ##.....
 Beastly Appendage        Tmut           #.....       22%         1    None
 Call Imp                 Summ           #.......     22%         2    ##.....
 Sticks to Snakes         Tmut           #.......     32%         2    ##.....
 Mephitic Cloud           Conj/Pois/Air  #.......     41%         3    ###....
 Spider Form              Tmut/Pois      #.........   54%         3    ###....
 Ice Form                 Ice/Tmut       #.......     91%         4    ####...
 Blade Hands              Tmut           #.........   99%         5    ######.


Dungeon Overview and Level Annotations

Branches:
Dungeon (4/15)             Temple (0/1) D:4

Altars:
Cheibriados
Sif Muna

Annotations:
D:4 Dowan


Message History

The stone arrow hits Duvessa!
Duvessa hits you with a +0 short sword.
Aim: Duvessa, wielding a +0 short sword and wearing a +0 ring mail (heavily wounded)
The stone arrow hits Duvessa!
Dowan, Brother of Duvessa comes into view.
He is wielding a +0 dagger.
Duvessa hits you with a +0 short sword!
* * * LOW HITPOINT WARNING * * *
Aim: Duvessa, wielding a +0 short sword and wearing a +0 ring mail (severely wounded)
The stone arrow misses Duvessa.
Duvessa misses you.
You don't have enough magic to cast that spell.
You completely miss Duvessa. Duvessa closely misses you.
Okay, then.
You hit Duvessa but do no damage. Duvessa hits you with a +0 short sword.
* * * LOW HITPOINT WARNING * * *
Duvessa hits you but does no damage.
You feel much better. Duvessa hits you but does no damage.
You hit Duvessa. Duvessa hits you with a +0 short sword.
Dowan casts a spell.
Dowan blinks!
You hit Duvessa but do no damage. Duvessa hits you with a +0 short sword.
You hit Duvessa but do no damage. Duvessa misses you.
Duvessa hits you with a +0 short sword.
* * * LOW HITPOINT WARNING * * *
You hit Duvessa. Duvessa hits you but does no damage.
You hit Duvessa but do no damage. Duvessa hits you with a +0 short sword.
* * * LOW HITPOINT WARNING * * *
You hit Duvessa. Duvessa closely misses you.
You hit Duvessa.
You kill Duvessa!
Sif Muna accepts your kill.
Dowan screams, "No!
Oh no!"
Dowan seems to find hidden reserves of power!
You feel your strength returning. Dowan hits you but does no damage. x2
You hit Dowan but do no damage.
Dowan mumbles some strange words.
Dowan blinks!
Dowan points at you and mumbles some strange words.
The shard of ice hits you!
* * * LOW HITPOINT WARNING * * *
Aim: Dowan, wielding a +0 dagger and wearing a +0 robe (fast)
The stone arrow hits Dowan!
You are near starving!
Dowan says, "How can I live without her?"
You sock Dowan!
Dowan gestures wildly while chanting.
Dowan blinks!
You hit Dowan but do no damage. Dowan casts a spell at you.
The shard of ice hits you!!
You die...

############
........[.# #........#
#........# #........# .
######........# .. #...
##.#####e# ..##.#.###.#
#@# ........##.# #.§#
#..#.#.##.# #..#
.#.......#.# #....
...#.8.#.e.####..###
.#......÷#...#####§§§
./.8e>.8÷..#.# §§§§
.#.......#...#####§§§§§
...#.8.#.........#


You could see Dowan.

Vanquished Creatures
  Duvessa (D:4)
  An ice beast (D:3)
  A scorpion (D:4)
  An orc priest (D:3)
  An orc wizard (D:3)
  A worker ant (D:4)
  A hound zombie (D:3)
  A howler monkey zombie (D:3)
  A worker ant zombie (D:3)
  A howler monkey skeleton (D:3)
  6 adders
  An ooze (D:4)
  An adder zombie (D:3)
  A worm (D:4)
  A dart slug (D:1)
  2 leopard geckos
  4 orcs (D:3)
  4 bats
  2 giant cockroaches (D:2)
  2 goblins
  7 hobgoblins
  3 jackals (D:4)
  3 frilled lizards
  A giant cockroach zombie (D:3)
  A jackal skeleton (D:3)
  A kobold (D:1)
  A leopard gecko skeleton (D:3)
  5 rats
56 creatures vanquished.

Notes
Turn   | Place    | Note
-------+----------+-------------------------------------------
     0 | D:1      | MatthieuS the Human Wanderer began the quest for the Orb.
     0 | D:1      | MatthieuS set off with the following items: a +0 dagger, a
                  | potion of lignification {!q}, a +0 robe, a ration; and the
                  | following spells available to memorise: Sandblast, Slow,
                  | Magic Dart, Call Imp, Blink, Stone Arrow, Conjure Flame,
                  | Mephitic Cloud
     0 | D:1      | Reached XP level 1. HP: 13/13 MP: 2/2
     2 | D:1      | Learned a level 1 spell: Sandblast
     8 | D:1      | Learned a level 1 spell: Magic Dart
   360 | D:1      | Reached XP level 2. HP: 15/19 MP: 0/4
  1155 | D:1      | Learned a level 2 spell: Blink
  1259 | D:2      | Reached XP level 3. HP: 20/24 MP: 0/6
  1472 | D:2      | Reached skill level 1 in Conjurations
  1539 | D:2      | Found a snail-covered altar of Cheibriados.
  1939 | D:2      | Reached XP level 4. HP: 29/30 MP: 3/7
  2769 | D:3      | Learned a level 3 spell: Stone Arrow
  3142 | D:3      | Reached XP level 5. HP: 32/36 MP: 0/9
  3566 | D:3      | Reached skill level 1 in Fighting
  3707 | D:3      | Learned a level 3 spell: Conjure Flame
  3896 | D:3      | Reached XP level 6. HP: 43/43 MP: 7/11
  3983 | D:3      | Found a deep blue altar of Sif Muna.
  3989 | D:3      | Became a worshipper of Sif Muna the Loreminder
  4045 | D:3      | Noticed an ice beast
  4075 | D:3      | Killed an ice beast
  4637 | D:4      | Reached skill level 1 in Fire Magic
  4791 | D:4      | Found a staircase to the Ecumenical Temple.
  5025 | D:4      | Reached skill level 5 in Earth Magic
  5025 | D:4      | Reached XP level 7. HP: 34/50 MP: 2/13
  5212 | D:4      | Noticed Duvessa
  5241 | D:4      | Noticed Dowan
  5252 | D:4      | Killed Duvessa
  5256 | D:4      | Killed from afar by Dowan

Levels and vault maps discovered:
D:1:      tarquinn_simple_flora_water_e, layout_basic
D:2:      layout_basic, old_standard_altar
D:3:      layout_basic, serial_undead, serial_undead_a, serial_undead_a,
          serial_undead_d, serial_undead_b, led_sif_pool
D:4:      layout_basic, nicolae_qazlal_eye_of_the_storm, elyvilon_altar_3,
          minmay_temple_entry_sparse_star, uniq_duvessa

Skill      XL: |  1  2  3  4  5  6 |
---------------+-------------------+-----
Spellcasting   | 2 3 4 |  4.2
Conjurations   | 1 2 |  2.9
Fighting       | 1 2 |  2.2
Fire Magic     | 1 |  1.5
Earth Magic    | 5 |  5.1
Hexes          | |  2.0
Summonings     | |  1.0
Evocations     | |  2.0

Action                   |  1- 3 |  4- 6 |  7- 9 || total
-------------------------+-------+-------+-------++-------
Melee: Dagger            |    17 |     3 |       ||    20
       Quarterstaff      |       |    48 |    16 ||    64
 Cast: Magic Dart        |    37 |    24 |       ||    61
       Sandblast         |    19 |    16 |       ||    35
       Stone Arrow       |       |    28 |     5 ||    33
       Conjure Flame     |       |     1 |       ||     1
Evoke: Wand              |       |     2 |       ||     2
  Use: Scroll            |       |     2 |       ||     2
       Potion            |       |     5 |     3 ||     8
 Stab: Invisible         |       |     1 |       ||     1
  Eat: Chunk             |     4 |    11 |       ||    15
       Ration            |       |     1 |       ||     1
Armor: Robe              |     9 |    15 |     3 ||    27
       Skin              |       |    10 |       ||    10
Dodge: Dodged            |    23 |    44 |     7 ||    74
Block: Other             |       |     7 |       ||     7

Table legend:
 A = Non-vault XP
 B = Vault XP
 C = Vault XP percentage of total XP
 D = Non-vault monster count
 E = Vault monster count
 F = Vault count percentage of total count
                 A         B        C        D         E       F
            +---------+---------+-------+---------+---------+-------
      Total |     479 |     217 |  31.2 |      47 |       9 |  16.1
            +---------+---------+-------+---------+---------+-------
        D:1 |      15 |       0 |   0.0 |       8 |       0 |   0.0
        D:2 |      80 |       0 |   0.0 |      20 |       0 |   0.0
        D:3 |     235 |      75 |  24.2 |      10 |       8 |  44.4
        D:4 |     149 |     142 |  48.8 |       9 |       1 |  10.0
            +---------+---------+-------+---------+---------+-------
